 Dungeon Crawl Stone Soup version 0.27-a0-1188-g73eefd5def (webtiles) character file.

Game seed: 16676164655761757424

384 Froggeryz the Chopper (level 6, 0/48 HPs)
             Began as a Draconian Gladiator on May 21, 2021.
             Succumbed to a killer bee's poison
             ... on level 4 of the Dungeon.
             The game lasted 00:03:49 (5225 turns).

Froggeryz the Chopper (Draconian Gladiator)         Turns: 5225, Time: 00:03:50

Health: 0/48       AC:  7    Str: 18    XL:     6   Next: 47%
Magic:  6/6        EV: 16    Int:  9    God:
Gold:   136        SH:  0    Dex: 12    Spells: 5/5 levels left

rFire    . . .     SeeInvis .   a - +1 war axe
rCold    . . .     Faith    .   (no shield)
rNeg     . . .     Spirit   .   (armour unavailable)
rPois    .         Reflect  .   b - +0 hat
rElec    .         Harm     .   (no cloak)
rCorr    +         Rampage  .   h - +0 pair of gloves
Will     .....                  (no boots)
Stlth    +.........             (no amulet)
HPRegen  0.16/turn              n - +4 ring of evasion
MPRegen  0.10/turn              j - ring of resist corrosion

@: lethally poisoned (0 -> -1), weak-willed
A: AC +6, unfitting armour, cold-blooded
a: no special abilities


You were on level 4 of the Dungeon.
You visited 1 branch of the dungeon, and saw 5 of its levels.

You collected 136 gold pieces.

Inventory:

Hand Weapons
 a - a +1 war axe (weapon)
Missiles
 c - 3 throwing nets
 g - 5 boomerangs (quivered)
 r - 4 atropa-tipped darts
Armour
 b - a +0 hat (worn)
 h - a +0 pair of gloves (worn)
Jewellery
 j - a ring of resist corrosion (right hand)
 n - a +4 ring of evasion (left hand)
Scrolls
 d - a scroll of magic mapping {unknown}
 e - 3 scrolls of identify
 f - a scroll of teleportation
 i - 2 scrolls of amnesia {unknown}
 l - a scroll of fear {unknown}
 o - a scroll of immolation {unknown}
 p - a scroll of noise {unknown}
 s - a scroll of enchant armour {unknown}


   Skills:
 - Level 2.1 Fighting
 * Level 6.5 Axes
 + Level 3.4 Throwing
 - Level 2.6 Dodging


You had 5 spell levels left.
You didn't know any spells.
Your spell library contained the following spells:

 Spells                   Type           Power      Damage    Failure   Level
 Beastly Appendage        Tmut           0%         N/A       38%         1
 Wereblood                Tmut           0%         N/A       52%         2
 Confusing Touch          Hex            0%         N/A       77%         3
 Gell's Gravitas          Tloc           0%         N/A       77%         3
 Spider Form              Tmut/Pois      0%         N/A       77%         3
 Ice Form                 Ice/Tmut       0%         N/A       99%         4
 Petrify                  Tmut/Erth      0%         N/A       99%         4
 Hydra Form               Tmut           0%         N/A       100%        5
 Metabolic Englaciation   Hex/Ice        0%         N/A       100%        5
 Yara's Violent Unravell  Hex/Tmut       0%         3d3       100%        5


Dungeon Overview and Level Annotations

Branches:
Dungeon (5/15)
 Temple: D:4-7

Altars:
Dithmenos
Nemelex Xobeh

Shops:
D:1 :


Innate Abilities, Weirdness & Mutations

Your plain brown scales are hard. (AC +6)
You cannot fit into any form of body armour.
You are cold-blooded and may be slowed by cold attacks.


Message History

You hit the killer bee.
The killer bee is lightly wounded.
The killer bee stings you but does no damage.
The killer bee closely misses you.
You hit the killer bee but do no damage.
The killer bee is lightly wounded.
The killer bee barely misses you. The killer bee closely misses you.
The killer bee stings you.
* * * LOW HITPOINT WARNING * * *
You are poisoned.
The killer bee poisons you!
You hit the killer bee. You tail-slap the killer bee.
The killer bee is heavily wounded.
You feel very sick. The killer bee barely misses you. x2
You slash the killer bee!
The killer bee is almost dead.
You feel sick. The killer bee misses you. The killer bee stings you.
* * * LOW HITPOINT WARNING * * *
The killer bee stings you but does no damage.
You aren't carrying any potions.
Okay, then.
You hit the killer bee but do no damage.
The killer bee is almost dead.
* * * LOW HITPOINT WARNING * * *
You feel sick. The killer bee misses you. x2
You slash the killer bee!
You kill the killer bee!
* * * LOW HITPOINT WARNING * * *
You feel sick.
As you read the scroll labelled WEMOUR OMNYNAMP, it crumbles to dust.
It is a scroll of enchant weapon.
Your +0 war axe glows red for a moment.
* * * LOW HITPOINT WARNING * * *
You feel sick.
Unknown command.
As you read the scroll labelled RUPEALUSIPS, it crumbles to dust.
Magic quickly surges around you.
It was a scroll of vulnerability.
You feel a little less clever now.
You die...

...# #.....# #.# #.# ...# #####.#
#.# #.# ...# ##'## ##.####### #.#
#.## ##...## #........# #.. #.##
##.....## #.######.# ### #..##
##.......###.##.....#
#...####.........##y#...##.######
.......+(........+...............
#...####.>......@##.[......######
#).## ##.......######.##### #.##
##.....## #.# ..# ##...## #.# ###
##+## #.# # #.# #.# # #######.#
#.# # #.......## #.# #
#.####...########.#


There were no monsters in sight!

Vanquished Creatures
  An ogre (D:3)
  2 killer bees (D:4)
  A jelly (D:3)
  An iguana (D:3)
  7 adders
  A shadow imp (D:3)
  A white imp (D:4)
  2 worms
  A dart slug (D:1)
  An orc (D:3)
  7 ball pythons
  6 bats
  8 endoplasms
  2 giant cockroaches
  7 goblins
  6 hobgoblins
  A jackal (D:3)
  8 kobolds
  A quokka (D:1)
  4 frilled lizards
  6 rats
74 creatures vanquished.

Notes
Turn   | Place    | Note
-------+----------+-------------------------------------------
     0 | D:1      | Froggeryz the Draconian Gladiator began the quest for the
                  | Orb.
     0 | D:1      | Reached XP level 1. HP: 17/17 MP: 1/1
   108 | D:1      | Found Vaigg's Book Shop.
   143 | D:1      | Found a faded altar of an unknown god.
   331 | D:1      | Reached XP level 2. HP: 24/24 MP: 2/2
   528 | D:1      | Reached skill level 4 in Axes
  1390 | D:2      | Reached XP level 3. HP: 24/29 MP: 3/3
  1705 | D:2      | Found a sparkling altar of Nemelex Xobeh.
  2188 | D:2      | Reached XP level 4. HP: 36/36 MP: 4/4
  2495 | D:2      | Reached skill level 5 in Axes
  3053 | D:3      | Noticed an ogre
  3330 | D:3      | Reached XP level 5. HP: 41/41 MP: 5/5
  3816 | D:3      | Killed an ogre
  3817 | D:3      | Reached skill level 6 in Axes
  3932 | D:3      | Reached XP level 6. HP: 41/48 MP: 6/6
  4369 | D:4      | Found a shadowy altar of Dithmenos.
  5206 | D:5      | Entered Level 5 of the Dungeon
  5223 | D:4      | HP: 1/48 [poisoned by a killer bee]
  5225 | D:4      | Succumbed to a killer bee's poison

Illustrated notes

Levels and vault maps discovered:
D:1:      dpeg_arrival_more_subterranean_lakeside_camping, layout_basic,
          shapermc_ecumenical_altar_gd, serial_shops, shop
D:2:      layout_loops_ring, basic_altar
D:3:      layout_basic, nrook_uturn, kennysheep_generic_room_6
D:4:      layout_loops_corners, grunt_dithmenos_smoke
D:5:      layout_layer_cave, minmay_temple_entry_butterflies,
          kennysheep_generic_room_7

Skill      XL: |  1  2  3  4  5 |
---------------+----------------+-----
Axes           | 4 5 6 |  6.5
Throwing       | 2 3 |  3.4
Fighting       | |  2.1
Dodging        | |  2.6

Action                   |  1- 3 |  4- 6 || total
-------------------------+-------+-------++-------
Melee: War axe           |   107 |   134 ||   241
       Tailslap          |    14 |    15 ||    29
Throw: Boomerang         |       |    14 ||    14
  Use: Scroll            |       |     5 ||     5
       Potion            |       |     2 ||     2
 Stab: Sleeping          |     1 |       ||     1
Armor: Skin              |    47 |    58 ||   105
Dodge: Dodged            |    82 |   126 ||   208

Table legend: (Time is in decaauts)
 A = Elapsed time spent in this place.
 B = Non-inter-level travel time spent in this place.
 C = Inter-level travel time spent in this place.
 D = Time resting spent in this place.
 E = Time spent auto-exploring this place.
 F = Levels seen in this place.
 G = Mean time per level.
                   A        B        C        D        E       F      G
               +--------+--------+--------+--------+--------+-----+--------+
         Total |   5297 |   5150 |    147 |    976 |   3524 |   5 | 1059.4 |
       Dungeon |   5297 |   5150 |    147 |    976 |   3524 |   5 | 1059.4 |
               +--------+--------+--------+--------+--------+-----+--------+

Top non-repeatable levels by time:
     D:1: 1702 daAuts
     D:2: 1446 daAuts
     D:4: 1112 daAuts
     D:3: 1033 daAuts
     D:5: 1 daAuts
